AoeStats
← nikolai3toaster

Arena

508469145Analyzed
1v1 RM · 10d ago on Sep 22, 2026· 42m 43s· 2 players
Game mode
Random Map
Map size
Tiny (2 player)
Population
200
Speed
Normal
Resources
Standard
Victory
Conquest
Starting age
Dark Age
Ending age
Imperial Age
RankedLock teamsTeams togetherTeam positionsShared explorationLock speedFull tech treeHidden civsTurbo modeCheats
Victory
Defeat
🇦🇷 Franks · Argentina
777
+14
🇨🇭 Magyars · Switzerland
744
-14
nikolai3toaster
3:30 Loom
10:57 Feudal Age
12:17 Double-Bit Axe
16:06 Gold Mining
15:58 Horse Collar
17:31 Stone Mining
17:54 Scale Barding Armor
21:16 Castle Age
20:25 Bloodlines
22:11 Heavy Plow
21:34 Light Cavalry
22:15 Husbandry
23:24 Gold Shaft Mining
26:38 Corvinian Army
30:45 Ballistics
34:08 Fletching
34:18 Padded Archer Armor
38:33 Imperial Age
36:25 Thumb Ring
36:34 Bodkin Arrow
36:55 Leather Archer Armor
40:32 Heavy Cavalry Archer
41:38 Parthian Tactics
jai
11:21 Feudal Age
16:59 Castle Age
15:10 Double-Bit Axe
15:19 Stone Mining
18:24 Bow Saw
20:09 Wheelbarrow
19:21 Loom
19:22 Town Watch
24:18 Hand Cart
25:37 Gold Mining
26:27 Town Patrol
26:47 Ordonnance Companies
30:10 Padded Archer Armor
32:51 Imperial Age
33:08 Leather Archer Armor
32:43 Fletching
33:45 Elite Throwing Axeman
34:12 Pikeman
34:53 Squires
36:12 Bodkin Arrow
36:27 Forging
41:20 Halberdier
Connection lost

Rejoining the realm…

Still unreachable

The connection could not be restored.

Session expired

The server has moved on; the page needs a fresh start.